[Event "European Online Club-ch-D 2021"]
[Site "Online"]
[Date "2021.03.27"]
[Round "2.4"]
[White "Sluka, Radek"]
[Black "Erdogmus, Yagiz Kaan"]
[Result "0-1"]
[ECO "B45"]
[WhiteElo "2324"]
[BlackElo "1955"]
[Annotator "NA"]
[PlyCount "66"]
[EventDate "2021.03.27"]
[EventType "team-tourn"]
[EventCountry "NET"]
[SourceTitle "playchess.com"]
[Source "ChessBase"]
[SourceQuality "1"]
[TimeControl "900+5"]

1. e4 c5 2. Nc3 e6 3. Nf3 Nc6 4. d4 cxd4 5. Nxd4 Nf6 6. g3 Bb4 7. Bg2 O-O 8. O-O d6 9. Nxc6 bxc6 10. Qd3 a5 11. Rd1 Ba6 12. Qf3 d5 13. a3 Be7 14. Bf4 Nd7 15. Re1 Bf6 16. h4 Qb6 17. e5 Be7 18. b3 c5 19. h5 c4 20. Qg4 Bc5 21. Bh6 Bxf2+ 22. Kh2 g6 23. Bxf8 Bxe1 24. Rxe1 Nxf8 25. bxc4 Bxc4 26. Qf4 gxh5 27. Be4 dxe4 28. Nxe4 Ng6 29. Qh6 Kh8 30. Rg1 Bd5 31. Rf1 Qc7 32. Ng5 Qxc2+ 33. Kh3 Qg2# 0-1

[Event "European Online Club-ch-D 2021"]
[Site "Online"]
[Date "2021.03.27"]
[Round "2.5"]
[White "Tokhirjonova, Gulrukhbegim"]
[Black "Gadimbayli, Abdulla"]
[Result "0-1"]
[ECO "C40"]
[WhiteElo "2362"]
[BlackElo "2470"]
[Annotator "ChessBase"]
[PlyCount "60"]
[EventDate "2021.03.27"]
[EventType "team-tourn"]
[EventCountry "NET"]
[SourceTitle "playchess.com"]
[Source "ChessBase"]
[SourceQuality "1"]
[TimeControl "900+5"]

1. e4 e5 2. Nf3 d5 3. Nxe5 Bd6 4. d4 dxe4 5. Nc3 Bxe5 6. dxe5 Qxd1+ 7. Kxd1 Nc6 8. Nxe4 Bf5 9. Ng3 O-O-O+ 10. Bd2 Bg6 11. f4 h5 12. h4 Nh6 13. c3 Rd7 14. Ke1 Rhd8 15. Be3 Ng4 16. Bg1 Rd2 17. Be2 Rxb2 18. f5 Bh7 19. Nxh5 Ngxe5 20. g4 Rdd2 21. Nf4 Rxe2+ 22. Nxe2 Nxg4 23. Nd4 Nce5 24. Rh3 c5 25. Rg3 Nf6 26. Nb3 Ne4 27. Rxg7 Bxf5 28. Be3 Nf3+ 29. Kd1 Nxc3+ 30. Kc1 Rc2# 0-1

[Event "European Online Club-ch-D 2021"]
[Site "Online"]
[Date "2021.03.27"]
[Round "2.6"]
[White "Ibrahimli, Murad"]
[Black "Nandhidhaa, P V"]
[Result "1-0"]
[ECO "E48"]
[WhiteElo "2436"]
[BlackElo "2365"]
[Annotator "NA"]
[PlyCount "99"]
[EventDate "2021.03.27"]
[EventType "team-tourn"]
[EventCountry "NET"]
[SourceTitle "playchess.com"]
[Source "ChessBase"]
[SourceQuality "1"]
[TimeControl "900+5"]

1. d4 Nf6 2. c4 e6 3. Nc3 Bb4 4. e3 O-O 5. Bd3 d5 6. Nge2 dxc4 7. Bxc4 c5 8. O-O cxd4 9. exd4 b6 10. Qd3 Bb7 11. a3 Bd6 12. Qh3 Nc6 13. Rd1 Rc8 14. Ba2 Ne7 15. Bg5 Ned5 16. Nxd5 Bxd5 17. Bxd5 exd5 18. Nc3 Be7 19. Qf3 g6 20. Re1 Rc6 21. Rxe7 Qxe7 22. Nxd5 Nxd5 23. Bxe7 Nxe7 24. Re1 Rfc8 25. g4 R8c7 26. d5 Rc1 27. Rxc1 Rxc1+ 28. Kg2 Nc8 29. Qf6 Kf8 30. d6 Ke8 31. d7+ Kxd7 32. Qxf7+ Ne7 33. Qxh7 Rc2 34. Qg7 Ke6 35. h4 Rc4 36. f3 Rc5 37. Kg3 Rd5 38. Qh7 Rd2 39. Qh8 Rd5 40. Qh6 Kf7 41. Qf4+ Ke6 42. Qe4+ Kf7 43. f4 a5 44. h5 gxh5 45. f5 hxg4 46. Qe6+ Kf8 47. f6 Rd3+ 48. Kxg4 Ng8 49. Qc8+ Kf7 50. Qc4+ 1-0

[Event "European Online Club-ch-D 2021"]
[Site "Online"]
[Date "2021.03.27"]
[Round "2.7"]
[White "Dauletova, Gulmira"]
[Black "Babazada, Khazar"]
[Result "1/2-1/2"]
[ECO "B03"]
[WhiteElo "2285"]
[BlackElo "2409"]
[Annotator "NA"]
[PlyCount "95"]
[EventDate "2021.03.27"]
[EventType "team-tourn"]
[EventCountry "NET"]
[SourceTitle "playchess.com"]
[Source "ChessBase"]
[SourceQuality "1"]
[TimeControl "900+5"]

1. e4 Nf6 2. e5 Nd5 3. d4 d6 4. c4 Nb6 5. exd6 cxd6 6. Nc3 g6 7. Be3 Bg7 8. Rc1 O-O 9. b3 Bf5 10. g4 Bd7 11. Bg2 Nc6 12. d5 Ne5 13. h3 e6 14. f4 Nbxc4 15. bxc4 Nxc4 16. Bf2 Qa5 17. Nge2 Rac8 18. O-O e5 19. fxe5 dxe5 20. Ne4 f5 21. gxf5 gxf5 22. Ng5 Rf6 23. Ng3 Rg6 24. Ne6 Bh6 25. Rxc4 Rxc4 26. Nxf5 Qa3 27. Ne7+ Qxe7 28. Qb3 b5 29. Kh1 Kh8 30. Bg1 Bxe6 31. dxe6 Bf4 32. Qxb5 Rc8 33. Qd7 Qxe6 34. Qxe6 Rxe6 35. Bxa7 Rc2 36. Bd5 Re7 37. Bg1 Rc3 38. Rxf4 Rxh3+ 39. Kg2 Rd3 40. Rf8+ Kg7 41. Rg8+ Kf6 42. Bb3 e4 43. Bf2 Rg7+ 44. Rxg7 Kxg7 45. Bc2 Rd2 46. Bxe4 Rxa2 47. Kf3 Rxf2+ 48. Kxf2 1/2-1/2

[Event "European Online Club-ch-D 2021"]
[Site "Online"]
[Date "2021.03.27"]
[Round "2.8"]
[White "Eynullayev, Atilla"]
[Black "Muminova, Nafisa"]
[Result "1-0"]
[ECO "C02"]
[WhiteElo "2347"]
[BlackElo "2274"]
[Annotator "NA"]
[PlyCount "67"]
[EventDate "2021.03.27"]
[EventType "team-tourn"]
[EventCountry "NET"]
[SourceTitle "playchess.com"]
[Source "ChessBase"]
[SourceQuality "1"]
[TimeControl "900+5"]

1. e4 e6 2. d4 d5 3. e5 c5 4. c3 Nc6 5. Nf3 Qb6 6. a3 f6 7. Bd3 Bd7 8. O-O O-O-O 9. dxc5 Bxc5 10. b4 Bf8 11. Qe2 Qc7 12. exf6 gxf6 13. c4 d4 14. c5 e5 15. Nbd2 Nge7 16. Nc4 Nd5 17. Bd2 Kb8 18. Rfc1 Nce7 19. b5 Nc3 20. Bxc3 dxc3 21. c6 bxc6 22. bxc6 Bxc6 23. Rxc3 Nd5 24. Rb3+ Ka8 25. Be4 Nf4 26. Qe3 Bh6 27. Qc5 Rd5 28. Bxd5 Nxd5 29. Na5 Rc8 30. Rab1 Nb6 31. Rc3 Qd7 32. Nxc6 Na4 33. Qb5 Nb6 34. a4 1-0

[Event "European Online Club-ch-D 2021"]
[Site "Online"]
[Date "2021.03.27"]
[Round "2.9"]
[White "Reimanis, Ritvars"]
[Black "Bauer, Christian"]
[Result "0-1"]
[ECO "A43"]
[WhiteElo "2412"]
[BlackElo "2639"]
[Annotator "ChessBase"]
[PlyCount "82"]
[EventDate "2021.03.27"]
[EventType "team-tourn"]
[EventCountry "NET"]
[SourceTitle "playchess.com"]
[Source "ChessBase"]
[SourceQuality "1"]
[TimeControl "900+5"]

1. d4 g6 2. c4 Bg7 3. Nc3 c5 4. d5 d6 5. e4 e6 6. Bd3 a6 7. a4 Ne7 8. h4 exd5 9. cxd5 h5 10. Bf4 O-O 11. Qd2 Qc7 12. Nf3 Nd7 13. Bh6 Rb8 14. Rc1 Re8 15. Bxg7 Kxg7 16. O-O Ng8 17. Rfe1 Ngf6 18. b3 Qd8 19. Qb2 Kg8 20. Bf1 Ng4 21. b4 cxb4 22. Qxb4 Qf6 23. Qd4 Nde5 24. Ng5 Qf4 25. g3 Qxg5 26. Qa7 Nf3+ 27. Kh1 Qf6 28. e5 Qf5 29. Re4 Ra8 30. Qxa8 Nxf2+ 31. Kg2 Nxe4 32. Nxe4 Qxe4 33. Rxc8 Nxe5+ 34. Kg1 Qe3+ 35. Kh1 Rxc8 36. Qxc8+ Kg7 37. Qxb7 Qxg3 38. Bg2 Ng4 39. Qb2+ Kh7 40. Kg1 Qe3+ 41. Kh1 Qe1+ 0-1

[Event "European Online Club-ch-D 2021"]
[Site "Online"]
[Date "2021.03.27"]
[Round "2.10"]
[White "Pelletier, Yannick"]
[Black "Kvetny, Mark"]
[Result "0-1"]
[ECO "E94"]
[WhiteElo "2581"]
[BlackElo "2416"]
[Annotator "ChessBase"]
[PlyCount "80"]
[EventDate "2021.03.27"]
[EventType "team-tourn"]
[EventCountry "NET"]
[SourceTitle "playchess.com"]
[Source "ChessBase"]
[SourceQuality "1"]
[TimeControl "900+5"]

1. d4 Nf6 2. c4 d6 3. Nc3 Nbd7 4. e4 e5 5. Nf3 g6 6. Be2 Bg7 7. O-O O-O 8. Be3 Re8 9. d5 Nh5 10. g3 Bf8 11. Ne1 Ng7 12. Nd3 f5 13. f3 Be7 14. b4 Bg5 15. Qd2 Bxe3+ 16. Qxe3 a5 17. a3 b6 18. c5 bxc5 19. bxc5 Ba6 20. c6 Nb6 21. Nb2 Bxe2 22. Qxe2 Rf8 23. Nba4 Nxa4 24. Nxa4 h5 25. Rab1 h4 26. Rf2 Nh5 27. Rg2 hxg3 28. hxg3 f4 29. g4 Ng3 30. Qe1 Kg7 31. Rbb2 Rh8 32. Rh2 Rb8 33. Rb7 Rxh2 34. Kxh2 Qh4+ 35. Kg2 Rh8 36. Qg1 Ne2 37. Rxc7+ Kf6 38. Qd1 Qh2+ 39. Kf1 Qh1+ 40. Kxe2 Rh2+ 0-1

[Event "European Online Club-ch-D 2021"]
[Site "Online"]
[Date "2021.03.27"]
[Round "2.11"]
[White "Hoffmann, Hendrik"]
[Black "Petkidis, Anthony"]
[Result "1/2-1/2"]
[ECO "C47"]
[WhiteElo "2242"]
[BlackElo "2401"]
[Annotator "NA"]
[PlyCount "73"]
[EventDate "2021.03.27"]
[EventType "team-tourn"]
[EventCountry "NET"]
[SourceTitle "playchess.com"]
[Source "ChessBase"]
[SourceQuality "1"]
[TimeControl "900+5"]

1. e4 e5 2. Nf3 Nc6 3. Nc3 Nf6 4. d4 exd4 5. Nxd4 Bb4 6. Nxc6 bxc6 7. Bd3 O-O 8. O-O d5 9. exd5 cxd5 10. h3 Re8 11. Qf3 c6 12. Bf4 a5 13. Rad1 a4 14. Ne2 a3 15. b3 Bc5 16. c4 Be6 17. Bg5 h6 18. Bxf6 Qxf6 19. Qxf6 gxf6 20. Nf4 dxc4 21. Nxe6 fxe6 22. Bxc4 Kf7 23. Rd7+ Re7 24. Rfd1 Rae8 25. Kf1 f5 26. Ke2 Kf6 27. Rxe7 Kxe7 28. Rc1 Bd4 29. Bd3 c5 30. g4 Kf6 31. Kf3 fxg4+ 32. hxg4 Kg5 33. Kg3 Be5+ 34. Kg2 Bd4 35. Kg3 Be5+ 36. Kg2 Bd4 37. Kg3 1/2-1/2

[Event "European Online Club-ch-D 2021"]
[Site "Online"]
[Date "2021.03.27"]
[Round "2.12"]
[White "Fischer, Daniel"]
[Black "Skulte, Christopher"]
[Result "1-0"]
[ECO "B33"]
[WhiteElo "2276"]
[BlackElo "2055"]
[Annotator "NA"]
[PlyCount "81"]
[EventDate "2021.03.27"]
[EventType "team-tourn"]
[EventCountry "NET"]
[SourceTitle "playchess.com"]
[Source "ChessBase"]
[SourceQuality "1"]
[TimeControl "900+5"]

1. e4 c5 2. Nf3 e6 3. d4 cxd4 4. Nxd4 Nf6 5. Nc3 Nc6 6. Ndb5 d6 7. Bf4 e5 8. Bg5 a6 9. Na3 b5 10. Nd5 Be7 11. Bxf6 Bxf6 12. c4 b4 13. Nc2 a5 14. Qf3 Be6 15. Rd1 Bg5 16. g3 O-O 17. h4 Bh6 18. Bh3 Rb8 19. Kf1 Kh8 20. Kg2 Qd7 21. b3 g6 22. h5 f5 23. hxg6 hxg6 24. Bxf5 Kg7 25. Bxe6 Qxe6 26. Qe2 a4 27. Rh3 axb3 28. axb3 Rh8 29. Rdh1 Bg5 30. Rxh8 Rxh8 31. Rxh8 Kxh8 32. Ndxb4 Na5 33. Qd3 Qg4 34. Nd5 Nb7 35. b4 Kg7 36. Nde3 Bxe3 37. Nxe3 Qc8 38. Qd5 Qc7 39. Ng4 Nd8 40. b5 Qd7 41. Nxe5 1-0

[Event "European Online Club-ch-D 2021"]
[Site "Online"]
[Date "2021.03.27"]
[Round "2.13"]
[White "Lopez Del Alamo, Antonio"]
[Black "Parligras, Mircea-Emilian"]
[Result "1/2-1/2"]
[ECO "C28"]
[WhiteElo "2295"]
[BlackElo "2591"]
[Annotator "ChessBase"]
[PlyCount "92"]
[EventDate "2021.03.27"]
[EventType "team-tourn"]
[EventCountry "NET"]
[SourceTitle "playchess.com"]
[Source "ChessBase"]
[SourceQuality "1"]
[TimeControl "900+5"]

1. e4 e5 2. Bc4 Nc6 3. d3 Nf6 4. Nc3 Na5 5. Nge2 Nxc4 6. dxc4 d6 7. Qd3 Be7 8. b3 O-O 9. a4 Be6 10. Ba3 Nd7 11. Ng3 Nc5 12. Bxc5 dxc5 13. Rd1 Qxd3 14. Rxd3 g6 15. Nd5 Bd8 16. f3 c6 17. Nc3 Ba5 18. Ke2 Rad8 19. Rhd1 Rd4 20. Rxd4 cxd4 21. Na2 a6 22. Nh1 b5 23. axb5 cxb5 24. cxb5 axb5 25. Nf2 Rc8 26. Rc1 Bd8 27. Kd1 Bg5 28. Rb1 f5 29. h3 Kg7 30. Nb4 Ra8 31. Nfd3 Kf6 32. Nc6 fxe4 33. fxe4 Bc8 34. Ncxe5 Bb7 35. Nd7+ Ke7 36. N7c5 Bc6 37. Nb4 Kd6 38. Nxc6 Kxc5 39. Ne5 Kb4 40. Nd3+ Kc3 41. b4 Ra3 42. e5 Ra2 43. Rb3+ Kc4 44. Rb1 Kc3 45. Rb3+ Kc4 46. Rb1 Kc3 1/2-1/2

[Event "European Online Club-ch-D 2021"]
[Site "Online"]
[Date "2021.03.27"]
[Round "2.14"]
[White "Dolana, Andrei-Theodor"]
[Black "Gongora Montes, Benjamin"]
[Result "0-1"]
[ECO "C45"]
[WhiteElo "2359"]
[BlackElo "2198"]
[Annotator "NA"]
[PlyCount "57"]
[EventDate "2021.03.27"]
[EventType "team-tourn"]
[EventCountry "NET"]
[SourceTitle "playchess.com"]
[Source "ChessBase"]
[SourceQuality "1"]
[TimeControl "900+5"]

1. Nf3 Nc6 2. e4 e5 3. d4 exd4 4. Nxd4 Nf6 5. Nxc6 bxc6 6. e5 Qe7 7. Qe2 Nd5 8. c4 Nb6 9. Nd2 a5 10. Qe4 g6 11. Bd3 Bg7 12. Nf3 O-O 13. O-O f6 14. exf6 Qxe4 15. Bxe4 Bxf6 16. Bh6 Re8 17. Rfe1 Ba6 18. c5 Na4 19. Rac1 Nxb2 20. Bf4 Rac8 21. Bc2 Rxe1+ 22. Rxe1 Nd3 23. Bxd3 Bxd3 24. Ne5 Bf5 25. f3 Re8 26. g4 Be6 27. g5 Be7 28. Ng4 Bxg4 29. fxg4 0-1

[Event "European Online Club-ch-D 2021"]
[Site "Online"]
[Date "2021.03.27"]
[Round "2.15"]
[White "Pascual Palomo, Lucia"]
[Black "Toma, Radu-Cristian"]
[Result "0-1"]
[ECO "B30"]
[WhiteElo "2101"]
[BlackElo "2385"]
[Annotator "NA"]
[PlyCount "74"]
[EventDate "2021.03.27"]
[EventType "team-tourn"]
[EventCountry "NET"]
[SourceTitle "playchess.com"]
[Source "ChessBase"]
[SourceQuality "1"]
[TimeControl "900+5"]

1. e4 c5 2. Nf3 Nc6 3. Bb5 e6 4. Bxc6 bxc6 5. e5 Ne7 6. O-O Ng6 7. d3 Be7 8. Nc3 O-O 9. Re1 f6 10. b3 fxe5 11. Nxe5 Nxe5 12. Rxe5 Bf6 13. Rxc5 Bd4 14. Rc4 Bxf2+ 15. Kh1 d5 16. Ra4 e5 17. Ba3 c5 18. b4 Bd4 19. Qe1 Qe8 20. Ra5 Qf7 21. Rxc5 Bh3 22. Qe2 Bg4 23. Qe1 Bf3 24. Qg3 Bxc5 25. bxc5 d4 26. gxf3 dxc3 27. Rf1 Qd5 28. Qg4 Rf4 29. Qh5 Ra4 30. Bc1 Rxa2 31. Re1 Rxc2 32. Bf4 Rf8 33. Rxe5 Qxd3 34. Re1 Rxf4 35. Re8+ Rf8 36. Rxf8+ Kxf8 37. Qxh7 Qf1# 0-1

[Event "European Online Club-ch-D 2021"]
[Site "Online"]
[Date "2021.03.27"]
[Round "2.16"]
[White "Gavrilescu, David"]
[Black "Blasco De La Cruz, Luis"]
[Result "1-0"]
[ECO "B05"]
[WhiteElo "2476"]
[BlackElo "1902"]
[Annotator "ChessBase"]
[PlyCount "51"]
[EventDate "2021.03.27"]
[EventType "team-tourn"]
[EventCountry "NET"]
[SourceTitle "playchess.com"]
[Source "ChessBase"]
[SourceQuality "1"]
[TimeControl "900+5"]

1. e4 Nf6 2. e5 Nd5 3. d4 d6 4. Nf3 Bg4 5. Be2 e6 6. O-O Be7 7. c4 Nb6 8. h3 Bh5 9. Nc3 dxe5 10. Nxe5 Bxe2 11. Qxe2 O-O 12. Rd1 c6 13. Bf4 N8d7 14. Rd3 Nf6 15. Rad1 Nbd7 16. g4 Ne8 17. d5 exd5 18. cxd5 Nxe5 19. Bxe5 c5 20. d6 Bf6 21. d7 Bxe5 22. Qxe5 Nc7 23. Qxc5 Ne6 24. Qe5 Qg5 25. Qxg5 Nxg5 26. d8=Q 1-0

[Event "European Online Club-ch-D 2021"]
[Site "Online"]
[Date "2021.03.27"]
[Round "3.1"]
[White "Lagarde, Maxime"]
[Black "Eren, Ataberk"]
[Result "0-1"]
[ECO "A67"]
[WhiteElo "2640"]
[BlackElo "2306"]
[Annotator "ChessBase"]
[PlyCount "100"]
[EventDate "2021.03.27"]
[EventType "team-tourn"]
[EventCountry "NET"]
[SourceTitle "playchess.com"]
[Source "ChessBase"]
[SourceQuality "1"]
[TimeControl "900+5"]

1. c4 Nf6 2. Nc3 e6 3. d4 c5 4. d5 exd5 5. cxd5 d6 6. e4 g6 7. f4 Bg7 8. Bb5+ Nfd7 9. Be2 O-O 10. Nf3 Na6 11. O-O Nc7 12. Kh1 Rb8 13. a4 a6 14. f5 b5 15. axb5 Nxb5 16. Bg5 Qe8 17. Nxb5 axb5 18. Qc2 Nf6 19. fxg6 hxg6 20. e5 Nxd5 21. exd6 Qc6 22. Rad1 Qxd6 23. Qe4 Qe6 24. Qxd5 Qxe2 25. Qxc5 Qxb2 26. Bf4 Ra8 27. Be5 Bxe5 28. Nxe5 Bb7 29. Rf2 Ra1 30. Rxb2 Rxd1+ 31. Qg1 Rxg1+ 32. Kxg1 Rc8 33. g4 Rc5 34. Nd7 Rc1+ 35. Kf2 Bc6 36. Nf6+ Kf8 37. g5 Ke7 38. Ng4 Ke6 39. h4 Rc4 40. Kg3 Rc3+ 41. Kh2 Kf5 42. Nh6+ Kf4 43. Nxf7 Rc1 44. Rf2+ Bf3 45. Kh3 b4 46. Nh8 Rh1+ 47. Rh2 Rxh2+ 48. Kxh2 b3 49. Nxg6+ Ke4 50. h5 Bxh5 0-1

[Event "European Online Club-ch-D 2021"]
[Site "Online"]
[Date "2021.03.27"]
[Round "3.2"]
[White "Erdogan, Anil Berk"]
[Black "Maurizzi, Marc Andria"]
[Result "0-1"]
[ECO "B45"]
[WhiteElo "2155"]
[BlackElo "2461"]
[Annotator "ChessBase"]
[PlyCount "68"]
[EventDate "2021.03.27"]
[EventType "team-tourn"]
[EventCountry "NET"]
[SourceTitle "playchess.com"]
[Source "ChessBase"]
[SourceQuality "1"]
[TimeControl "900+5"]

1. e4 c5 2. Nf3 e6 3. d4 cxd4 4. Nxd4 Nf6 5. Nc3 Nc6 6. Ndb5 Bc5 7. Bf4 O-O 8. Bc7 Qe7 9. Bd6 Bxd6 10. Qxd6 Qd8 11. O-O-O a6 12. Nd4 Ne7 13. Be2 b5 14. g4 Bb7 15. Bf3 Rc8 16. Kb1 Ne8 17. Qg3 Ng6 18. e5 Bxf3 19. Nxf3 f5 20. g5 Rc4 21. Ne2 Nc7 22. h4 Nd5 23. h5 Nge7 24. Nfd4 Qb6 25. f4 Rfc8 26. Rd2 b4 27. Rhd1 Nc3+ 28. Kc1 Nxa2+ 29. Kb1 Nc3+ 30. Kc1 Nxd1 31. Kxd1 Qb7 32. Qg1 Qe4 33. Qf1 Nd5 34. b3 Ne3+ 0-1

[Event "European Online Club-ch-D 2021"]
[Site "Online"]
[Date "2021.03.27"]
[Round "3.3"]
[White "Medvegy, Zoltan"]
[Black "Korkmaz, Necmettin"]
[Result "1-0"]
[ECO "A22"]
[WhiteElo "2527"]
[BlackElo "2101"]
[Annotator "ChessBase"]
[PlyCount "75"]
[EventDate "2021.03.27"]
[EventType "team-tourn"]
[EventCountry "NET"]
[SourceTitle "playchess.com"]
[Source "ChessBase"]
[SourceQuality "1"]
[TimeControl "900+5"]

1. c4 e5 2. g3 Nf6 3. Bg2 d5 4. cxd5 Nxd5 5. Nc3 Nb6 6. e3 Be7 7. Nge2 O-O 8. O-O Nc6 9. f4 Qd3 10. fxe5 Nxe5 11. Nf4 Qd8 12. d4 Ng6 13. b3 Nxf4 14. gxf4 c5 15. d5 Bf6 16. Bb2 Re8 17. e4 Bd4+ 18. Kh1 Qh4 19. Qd3 Bg4 20. Nd1 Nxd5 21. Bxd4 cxd4 22. Qxd4 Bxd1 23. exd5 Be2 24. Rf2 Bg4 25. f5 Rad8 26. h3 h5 27. Kg1 Rd6 28. hxg4 hxg4 29. f6 Rxf6 30. Rxf6 gxf6 31. Rf1 Re5 32. d6 Rh5 33. d7 Qh2+ 34. Kf2 Rf5+ 35. Ke1 Re5+ 36. Kd1 Qxg2 37. d8=Q+ Kg7 38. Qxf6+ 1-0

[Event "European Online Club-ch-D 2021"]
[Site "Online"]
[Date "2021.03.27"]
[Round "3.4"]
[White "Kilic, Gokturk Kagan"]
[Black "Guliyev, Namig"]
[Result "1-0"]
[ECO "D24"]
[WhiteElo "2084"]
[BlackElo "2538"]
[Annotator "ChessBase"]
[PlyCount "92"]
[EventDate "2021.03.27"]
[EventType "team-tourn"]
[EventCountry "NET"]
[SourceTitle "playchess.com"]
[Source "ChessBase"]
[SourceQuality "1"]
[TimeControl "900+5"]

1. d4 d5 2. c4 dxc4 3. Nf3 Nf6 4. Nc3 a6 5. a4 e6 6. e3 b6 7. Bxc4 Bb7 8. O-O Bb4 9. Ne2 O-O 10. Nf4 Qe7 11. Ne5 Nbd7 12. Nfd3 Bd6 13. b3 c5 14. Bb2 cxd4 15. Bxd4 Rfd8 16. Qe2 Nxe5 17. Nxe5 Bc5 18. Rfd1 Bxd4 19. exd4 Nd5 20. Qg4 b5 21. Bd3 b4 22. Re1 Qf6 23. Rac1 g6 24. Rc5 Nf4 25. Be4 h5 26. Qf3 Bxe4 27. Rxe4 Nd5 28. Rxd5 Qxf3 29. Rxd8+ Rxd8 30. Nxf3 Rc8 31. g3 Rc2 32. d5 exd5 33. Rxb4 Rc3 34. Ne5 g5 35. Nd7 Kg7 36. Nb6 Rd3 37. Kf1 a5 38. Rb5 f6 39. Nxd5 h4 40. gxh4 gxh4 41. Ne3 Kg6 42. Ke2 Rc3 43. Kf3 Rc1 44. Kg4 Rh1 45. h3 Rg1+ 46. Kxh4 Rb1 1-0

[Event "European Online Club-ch-D 2021"]
[Site "Online"]
[Date "2021.03.27"]
[Round "3.9"]
[White "Bauer, Christian"]
[Black "Lopez Del Alamo, Antonio"]
[Result "1-0"]
[ECO "A08"]
[WhiteElo "2639"]
[BlackElo "2295"]
[Annotator "ChessBase"]
[PlyCount "65"]
[EventDate "2021.03.27"]
[EventType "team-tourn"]
[EventCountry "NET"]
[SourceTitle "playchess.com"]
[Source "ChessBase"]
[SourceQuality "1"]
[TimeControl "900+5"]

1. e4 c5 2. Nf3 e6 3. c3 d5 4. d3 Nc6 5. Qe2 Nge7 6. g3 g6 7. Bg2 Bg7 8. O-O O-O 9. Re1 b5 10. e5 h6 11. Be3 d4 12. cxd4 cxd4 13. Bd2 Bb7 14. Na3 Qb6 15. h4 Nd5 16. h5 g5 17. Qe4 Rae8 18. Bxg5 hxg5 19. Nxg5 f5 20. exf6 Nxf6 21. Qh4 Nd8 22. h6 Bh8 23. h7+ Kg7 24. Bxb7 Qxb7 25. Re5 a6 26. Rae1 Kg6 27. Nc2 Qg7 28. Nxd4 Qh6 29. Qf4 Nxh7 30. Qe4+ Kg7 31. Nxh7 Qxh7 32. Rg5+ Kh6 33. Qh4# 1-0

[Event "European Online Club-ch-D 2021"]
[Site "Online"]
[Date "2021.03.27"]
[Round "3.10"]
[White "Gongora Montes, Benjamin"]
[Black "Pelletier, Yannick"]
[Result "0-1"]
[ECO "D03"]
[WhiteElo "2198"]
[BlackElo "2581"]
[Annotator "ChessBase"]
[PlyCount "82"]
[EventDate "2021.03.27"]
[EventType "team-tourn"]
[EventCountry "NET"]
[SourceTitle "playchess.com"]
[Source "ChessBase"]
[SourceQuality "1"]
[TimeControl "900+5"]

1. d4 Nf6 2. Nf3 d5 3. Bg5 Ne4 4. Bf4 Bf5 5. e3 e6 6. Nbd2 Nd7 7. h3 Be7 8. Be2 O-O 9. O-O c5 10. c4 Nb6 11. Rc1 Nxd2 12. Qxd2 Nxc4 13. Bxc4 dxc4 14. Rxc4 Be4 15. dxc5 Qxd2 16. Nxd2 Bd3 17. Rfc1 Bxc4 18. Rxc4 Rfd8 19. e4 Bf6 20. b3 Rd4 21. Kf1 Rc8 22. Be3 Rxc4 23. Nxc4 Bc3 24. Nd6 Rb8 25. Ke2 Bb4 26. Kd3 b6 27. Kc4 bxc5 28. Bxc5 a5 29. e5 g5 30. g4 Kg7 31. f3 h6 32. Bd4 Rd8 33. Bc5 Rb8 34. Bd4 Kg6 35. Bb2 f6 36. a3 Bxd6 37. exd6 Kf7 38. Bc3 Rc8+ 39. Kd3 Rc5 40. b4 axb4 41. Bxb4 Rc1 0-1

[Event "European Online Club-ch-D 2021"]
[Site "Online"]
[Date "2021.03.27"]
[Round "3.11"]
[White "Petkidis, Anthony"]
[Black "Pascual Palomo, Lucia"]
[Result "1-0"]
[ECO "C02"]
[WhiteElo "2401"]
[BlackElo "2101"]
[Annotator "NA"]
[PlyCount "79"]
[EventDate "2021.03.27"]
[EventType "team-tourn"]
[EventCountry "NET"]
[SourceTitle "playchess.com"]
[Source "ChessBase"]
[SourceQuality "1"]
[TimeControl "900+5"]

1. e4 e6 2. d4 d5 3. e5 c5 4. c3 Nc6 5. Nf3 Bd7 6. Be2 cxd4 7. cxd4 Nh6 8. Bxh6 gxh6 9. O-O Bg7 10. Nc3 a6 11. Na4 O-O 12. Nc5 Rb8 13. Rc1 f6 14. exf6 Bxf6 15. Qd2 Bg7 16. Qe3 Qe7 17. Ne5 Nxe5 18. dxe5 Rf5 19. f4 h5 20. Bd3 Rff8 21. Qh3 h4 22. Nxd7 Qxd7 23. Qxh4 Bh8 24. Rf3 Rf7 25. Qh6 Rg7 26. Rh3 Rf8 27. Rf1 Qe7 28. Kh1 Rff7 29. a3 Rg4 30. Rff3 Rfg7 31. Rfg3 Rxg3 32. hxg3 b5 33. g4 Rf7 34. g5 Qc7 35. Rh4 Qc1+ 36. Kh2 Bg7 37. Qxe6 Kf8 38. Qd6+ Ke8 39. e6 Re7 40. Qb8+ 1-0

[Event "European Online Club-ch-D 2021"]
[Site "Online"]
[Date "2021.03.27"]
[Round "3.12"]
[White "Blasco De La Cruz, Luis"]
[Black "Fischer, Daniel"]
[Result "0-1"]
[ECO "A31"]
[WhiteElo "1902"]
[BlackElo "2276"]
[Annotator "NA"]
[PlyCount "138"]
[EventDate "2021.03.27"]
[EventType "team-tourn"]
[EventCountry "NET"]
[SourceTitle "playchess.com"]
[Source "ChessBase"]
[SourceQuality "1"]
[TimeControl "900+5"]

1. e4 c5 2. Nf3 e6 3. c4 a6 4. Nc3 d6 5. Be2 Nf6 6. d4 cxd4 7. Nxd4 Qc7 8. O-O Nbd7 9. Be3 b6 10. Rc1 Bb7 11. f3 Be7 12. Qd2 O-O 13. Rfd1 Rac8 14. Bf1 Qb8 15. Nc2 Bd8 16. Bf4 Ne5 17. Ne3 Bc7 18. h3 Rfd8 19. Qe1 d5 20. Bxe5 Bxe5 21. cxd5 Bh2+ 22. Kh1 Nh5 23. Ng4 Bg3 24. Nf2 exd5 25. Nxd5 Rxc1 26. Rxc1 Bxd5 27. exd5 Re8 28. Qd2 Bf4 29. Qc2 Bxc1 30. Qxc1 Ng3+ 31. Kg1 Nxf1 32. Kxf1 Qe5 33. Qd2 Rd8 34. Qe2 Qxe2+ 35. Kxe2 Rxd5 36. Nd3 a5 37. h4 Kf8 38. Ke3 Ke7 39. Ke4 Kd6 40. b3 a4 41. g4 axb3 42. axb3 Rb5 43. b4 Rd5 44. Ke3 Kc6 45. Ke4 f6 46. f4 Rd7 47. g5 Kb5 48. gxf6 gxf6 49. h5 Rxd3 50. Kxd3 Kxb4 51. Kd4 b5 52. Ke4 Kc3 53. Kf5 b4 54. Kxf6 b3 55. Kg7 b2 56. f5 b1=Q 57. f6 Qg1+ 58. Kxh7 Qf2 59. Kg6 Qg3+ 60. Kh7 Qf4 61. Kg7 Qg5+ 62. Kf7 Qxh5+ 63. Ke7 Qe5+ 64. Kf7 Kd4 65. Kg6 Qe6 66. Kg7 Qg4+ 67. Kh6 Qf5 68. Kg7 Qg5+ 69. Kf7 Ke5 0-1